 Dungeon Crawl Stone Soup version 0.20.1-1-g8b1a95d (webtiles) character file.

40 McKennaii the Ruffian (level 3, -7/28 HPs)
             Began as a Draconian Transmuter on July 23, 2017.
             Mangled by a gnoll
             ... wielding a +0 spear
              (8 damage)
             ... on level 2 of the Dungeon.
             The game lasted 00:02:41 (843 turns).

McKennaii the Ruffian (Draconian Transmuter)         Turns: 843, Time: 00:02:41

Health: -7/28      AC:  5    Str: 12    XL:     3   Next: 30%
Magic:  2/6        EV: 12    Int: 14    God:
Gold:   31         SH:  0    Dex: 11    Spells: 3/6 levels left

rFire    . . .     SeeInvis .     - Unarmed
rCold    . . .     Gourm    .   (no shield)
rNeg     . . .     Faith    .   (armour unavailable)
rPois    .         Spirit   .   (helmet restricted)
rElec    .         Reflect  .   (no cloak)
rCorr    .         Harm     .   (no gloves)
MR       .....                  (boots currently unavailable)
Stlth    +.........             (no amulet)
Regen    0.1/turn               (no ring)
MPRegen  0.1/turn               (no ring)

@: appendage (expiring)
A: unfitting armour, talons 3, cold-blooded, AC +5
a: End Transformation


You were on level 2 of the Dungeon.
You were not hungry.
You had grown temporary talons.
You visited 1 branch of the dungeon, and saw 2 of its levels.

You collected 31 gold pieces.

Inventory:

Missiles
 a - 35 arrows
Scrolls
 e - a scroll of blinking {unknown}
 g - a scroll of magic mapping {unknown}
 h - a scroll of recharging {unknown}
 j - a scroll of identify {unknown}
 l - a scroll of enchant weapon {unknown}
Potions
 d - a potion of lignification {unknown}
 i - a potion of flight {unknown}
 k - a potion of curing {unknown}
 n - a potion of cancellation {unknown}
Books
 b - a book of Changes

   Spells                             Type                      Level
   a - Beastly Appendage              Transmutation                1
   b - Sticks to Snakes               Transmutation                2
   c - Spider Form                    Transmutation/Poison         3
   d - Ice Form                       Ice/Transmutation            4
   e - Blade Hands                    Transmutation                5
Comestibles
 c - a bread ration
 f - a royal jelly
 m - a meat ration
 o - a chunk of flesh


   Skills:
 + Level 1.1 Fighting
 + Level 2.2 Dodging
 + Level 3.7 Unarmed Combat
 + Level 2.0 Spellcasting
 * Level 2.4 Transmutations


You had 3 spell levels left.
You knew the following spells:

 Your Spells              Type           Power        Failure   Level  Hunger
a - Beastly Appendage     Tmut           #.....       9%          1    ##.....
b - Sticks to Snakes      Tmut           #.......     13%         2    ###....


Dungeon Overview and Level Annotations

Branches:
Dungeon (2/15)

Altars:


Innate Abilities, Weirdness & Mutations

Your plain brown scales are hard. (AC +5)
You cannot fit into any form of body armour.
You are cold-blooded and may be slowed by cold attacks.
You have claws for feet.


Message History

The gnoll barely misses you. The gnoll closely misses you.
You barely miss the gnoll. Your kick misses the gnoll.
The gnoll is moderately wounded.
Your transformation is almost over.
The gnoll hits you with a spear. The gnoll barely misses you.
You hit the gnoll. Your punch misses the gnoll.
The gnoll is severely wounded.
The gnoll barely misses you.
You hit the gnoll.
The gnoll is almost dead.
The gnoll hits you from afar with a spear!
* * * LOW HITPOINT WARNING * * *
The gnoll hits you with a spear.
* * * LOW HITPOINT WARNING * * *
You closely miss the gnoll.
Your tail-slap misses the gnoll.
The gnoll is almost dead.
The gnoll hits you from afar with a spear.
* * * LOW HITPOINT WARNING * * *
The gnoll hits you with a spear!
You die...

#.#..... #.#
#.#.####.#
#.# #.#.# #g#
..#.# #)#
###.# #.# #.#
######.#
#...g.g#
#.###########
#g#.....gg@.#
#.#.#########
#g#..# #.##.#
#.##g# #....#
######


You could see 2 gnolls.

Vanquished Creatures
  A worm (D:2)
  3 dart slugs
  2 ball pythons (D:1)
  2 goblins (D:1)
  4 hobgoblins (D:1)
  3 bats (D:1)
  A frilled lizard (D:1)
  6 rats
22 creatures vanquished.

Vanquished Creatures (collateral kills)
  2 gnolls (D:2)
2 creatures vanquished.

Grand Total: 24 creatures vanquished

Notes
Turn   | Place    | Note
-------+----------+-------------------------------------------
     0 | D:1      | McKennaii the Draconian Transmuter began the quest for the Orb.
     0 | D:1      | Reached XP level 1. HP: 16/16 MP: 3/3
   245 | D:1      | Reached XP level 2. HP: 21/23 MP: 5/5
   645 | D:2      | Reached XP level 3. HP: 17/28 MP: 6/6
   652 | D:2      | Learned a level 2 spell: Sticks to Snakes
   843 | D:2      | HP: 1/28 [gnoll/spear (3)]
   843 | D:2      | Mangled by a gnoll

Skill      XL: |  1 |
---------------+----+-----
Dodging        | 2 |  2.2
Fighting       | |  1.1
Unarmed Combat | |  3.7
Spellcasting   | |  2.0
Transmutations | |  2.4

Action                   || total
-------------------------++-------
Melee: Unarmed           ||    89
       Tailslap          ||    14
       Punch             ||     1
 Cast: Sticks to Snakes  ||     4
       Beastly Appendage ||     1
Armor: Skin              ||    17
Dodge: Dodged            ||    47
